 Dungeon Crawl Stone Soup version 0.23-a0-182-g58cdd98 (webtiles) character file.

256 galech the Skirmisher (level 5, -2/42 HPs)
             Began as a Demonspawn Fighter on Sept 20, 2018.
             Slain by Grinder (3 damage)
             ... on level 3 of the Dungeon.
             The game lasted 00:02:40 (2161 turns).

galech the Skirmisher (Demonspawn Fighter)          Turns: 2161, Time: 00:02:40

Health: -2/42      AC: 13    Str: 16    XL:     5   Next: 92%
Magic:  5/5        EV:  4    Int: 10    God:
Gold:   114        SH:  9    Dex: 13    Spells: 4/4 levels left

rFire    . . .     SeeInvis .   a - +0 war axe
rCold    . . .     Gourm    .   c - +0 shield
rNeg     . . .     Faith    .   o - +0 chain mail
rPois    .         Spirit   .   t - +0 helmet
rElec    .         Reflect  .   (no cloak)
rCorr    .         Harm     .   (no gloves)
MR       .....                  (no boots)
Stlth    ..........             (no amulet)
HPRegen  0.14/turn              (no ring)
MPRegen  0.09/turn              (no ring)

@: no status effects
A: molten scales 2, powered by pain 1
a: no special abilities


You were on level 3 of the Dungeon.
You were hungry.

You visited 1 branch of the dungeon, and saw 3 of its levels.

You collected 114 gold pieces.

Inventory:

Hand Weapons
 a - a +0 war axe (weapon)
Armour
 c - a +0 shield (worn)
 o - a +0 chain mail (worn)
 t - a +0 helmet (worn)
Scrolls
 e - a scroll of fear {unknown}
 h - 5 scrolls of remove curse {unknown}
 j - 2 scrolls of identify {unknown}
 k - a scroll of magic mapping {unknown}
 p - 2 scrolls of teleportation {unknown}
 u - a scroll of enchant armour {unknown}
Potions
 b - a potion of degeneration {unknown}
 d - a potion of might
 g - 3 potions of agility {unknown}
 i - a potion of brilliance {unknown}
 l - 2 potions of curing {unknown}
 m - 2 potions of heal wounds {unknown}
 n - 2 potions of lignification {unknown}
 q - a potion of berserk rage {unknown}
 r - a potion of haste {unknown}
Comestibles
 f - 9 rations
 s - 3 chunks of flesh


   Skills:
 + Level 3.8 Fighting
 + Level 3.7 Axes
 + Level 3.3 Armour
 + Level 0.8 Dodging
 + Level 0.1 Stealth
 + Level 3.7 Shields


You had 4 spell levels left.
You didn't know any spells.
Your spell library was empty.

Dungeon Overview and Level Annotations

Branches:
Dungeon (3/15)

Altars:
Makhleb
Vehumet
Zin

Annotations:
D:3 Grinder


Innate Abilities, Weirdness & Mutations

You are mostly covered in molten scales. (AC +3)
You sometimes gain a little power by taking damage.


Message History

You slash Grinder!
Grinder is severely wounded.
You block Grinder's attack.
You closely miss Grinder.
Grinder is severely wounded.
Grinder gestures at you.
You suddenly lose the ability to move!
Grinder hits you but does no damage. Grinder hits you.
You writhe in agony.
* * * LOW HITPOINT WARNING * * *
Grinder gestures at you. Pain shoots through your body!
* * * LOW HITPOINT WARNING * * *
You can move again.
Unknown command.
You slash Grinder!
Grinder is almost dead.
Grinder hits you.
* * * LOW HITPOINT WARNING * * *
You writhe in agony.
You die...

################
+........5@.†..#
#####..÷...###.#
#.####.# #
#####..# #.#
##......# #<#
.........#####
.............#
.......#.###.#
###.####.#...#


You could see Grinder.

Vanquished Creatures
  A hound (D:3)
  A bullfrog skeleton (D:3)
  A centaur skeleton (D:2)
  An orc priest (D:3)
  Jessica (D:2)
  An iguana (D:2)
  Robin (D:3)
  2 adders
  2 leopard geckos
  2 orcs (D:3)
  3 bats
  2 giant cockroaches
  16 goblins
  8 hobgoblins
  4 jackals (D:1)
  A quokka (D:2)
  3 frilled lizards
  2 kobolds
  2 rats
54 creatures vanquished.

Notes
Turn   | Place    | Note
-------+----------+-------------------------------------------
     0 | D:1      | galech the Demonspawn Fighter began the quest for the Orb.
     0 | D:1      | Reached XP level 1. HP: 18/18 MP: 1/1
   798 | D:1      | Gained mutation: You sometimes gain a little power by
                  | taking damage. [demonic ancestry]
   798 | D:1      | Reached XP level 2. HP: 24/24 MP: 2/2
   916 | D:2      | Noticed Jessica
   922 | D:2      | Killed Jessica
   922 | D:2      | Gained mutation: You are partially covered in molten
                  | scales. (AC +2) [demonic ancestry]
   922 | D:2      | Reached XP level 3. HP: 29/29 MP: 3/3
   963 | D:2      | Reached XP level 4. HP: 12/36 MP: 4/4
  1333 | D:2      | Found a radiant altar of Vehumet.
  1457 | D:2      | You fall through a shaft!
  1472 | D:3      | Gained mutation: You are mostly covered in molten scales.
                  | (AC +3) [demonic ancestry]
  1472 | D:3      | Reached XP level 5. HP: 36/42 MP: 5/5
  1572 | D:3      | Found a burning altar of Makhleb.
  1572 | D:3      | Found a glowing silver altar of Zin.
  1573 | D:3      | Noticed an angel
  1573 | D:3      | Noticed a cacodemon
  1849 | D:3      | Noticed Robin
  1878 | D:3      | Killed Robin
  2138 | D:3      | Noticed Grinder
  2139 | D:3      | Paralysed by Grinder for 6 turns
  2158 | D:3      | Paralysed by Grinder for 3 turns
  2161 | D:3      | HP: 1/42 [Grinder (3)]
  2161 | D:3      | Slain by Grinder

Vault maps used:
D:1:      dpeg_arrival_water_altar, hangedman_abyss_or_decor_lesser_grid
D:2:      kennysheep_big_flooded_room, vehumet_crystals, minmay_goblin_outpost,
          uniq_jessica
D:3:      grunt_temple_overflow_order_and_chaos_2, first_ration, st_stairs_4,
          uniq_grinder, uniq_robin

Skill      XL: |  1  2  3  4 |
---------------+-------------+-----
Axes           | 2 3 |  3.7
Armour         | 3 |  3.3
Shields        | 3 |  3.7
Fighting       | |  3.8
Dodging        | |  0.8
Stealth        | |  0.1

Action                   |  1- 3 |  4- 6 || total
-------------------------+-------+-------++-------
Melee: War axe           |    56 |   160 ||   216
  Eat: Chunk             |       |     4 ||     4
Armor: Chain mail        |    24 |   113 ||   137
       Scale mail        |     5 |       ||     5
Dodge: Dodged            |    16 |    25 ||    41
Block: Shield            |    32 |    86 ||   118

Table legend:
 A = Non-vault XP
 B = Vault XP
 C = Vault XP percentage of total XP
 D = Non-vault monster count
 E = Vault monster count
 F = Vault count percentage of total count
                 A         B        C        D         E       F
            +---------+---------+-------+---------+---------+-------
      Total |     283 |      83 |  22.7 |      36 |      18 |  33.3
            +---------+---------+-------+---------+---------+-------
        D:1 |      19 |       0 |   0.0 |      11 |       0 |   0.0
        D:2 |     110 |      47 |  29.9 |      13 |       6 |  31.6
        D:3 |     154 |      36 |  18.9 |      12 |      12 |  50.0
            +---------+---------+-------+---------+---------+-------
